AoeStats
← XSchreiberherzX

Hill Fort

504939309Analyzed
4v4 RM · 26d ago on Sep 7, 2026· 38m 18s· 8 players
Game mode
Random Map
Map size
Large (8 player)
Population
200
Speed
Normal
Resources
Standard
Victory
Conquest
Starting age
Dark Age
Ending age
Imperial Age
RankedLock teamsTeams togetherTeam positionsShared explorationLock speedFull tech treeHidden civsTurbo modeCheats
Victory
Defeat
🇨🇳 Byzantines · China
1164
+16
🇲🇽 Mapuche · Mexico
1156
+16
🇺🇸 Spanish · United States
1151
+17
🇨🇳 Georgians · China
1147
+17
🇲🇽 Saracens · Mexico
1193
-18
🇲🇽 Goths · Mexico
1183
-17
🇲🇽 Ethiopians · Mexico
1162
-16
🇲🇽 Huns · Mexico
1126
-15
Ranilla_Sr Bernabe
11:35 Feudal Age
11:56 Horse Collar
12:02 Double-Bit Axe
18:48 Castle Age
18:29 Forging
19:43 Heavy Plow
19:55 Bow Saw
21:13 Loom
22:46 Iron Casting
27:54 Wheelbarrow
28:26 Town Watch
38:41 Imperial Age
37:08 Gold Mining
ferandres99
7:06 Loom
9:58 Feudal Age
12:18 Double-Bit Axe
14:21 Town Watch
20:50 Castle Age
19:31 Fletching
22:08 Wheelbarrow
27:23 Bloodlines
31:03 Horse Collar
34:16 Imperial Age
32:20 Husbandry
34:07 Bodkin Arrow
34:43 Ballistics
39:06 Chemistry
38:17 Masonry
38:03 Murder Holes
38:20 Heavy Plow
阿霖
8:07 Loom
12:40 Feudal Age
17:06 Castle Age
15:11 Horse Collar
16:19 Double-Bit Axe
20:34 Gold Mining
21:35 Forging
23:42 Heavy Plow
27:53 Scale Barding Armor
31:48 Wheelbarrow
33:57 Bow Saw
35:03 Hand Cart
38:10 Imperial Age
IceFish
1:47 Loom
11:47 Feudal Age
12:43 Horse Collar
12:50 Double-Bit Axe
16:45 Fletching
17:34 Padded Archer Armor
24:35 Castle Age
26:01 Heavy Plow
26:31 Bow Saw
29:56 Bodkin Arrow
31:00 Ballistics
32:32 Murder Holes
36:01 Wheelbarrow
38:49 Imperial Age
36:30 Guard Tower
37:52 Hand Cart
37:59 Gold Mining
Wv RaideN vW
5:52 Loom
11:19 Feudal Age
11:22 Man-at-Arms
14:12 Double-Bit Axe
14:15 Horse Collar
15:16 Forging
15:07 Scale Mail Armor
21:07 Wheelbarrow
27:58 Castle Age
29:39 Iron Casting
29:19 Chain Mail Armor
28:58 Long Swordsman
30:21 Hand Cart
31:18 Bow Saw
31:11 Heavy Plow
XSchreiberherzX
9:09 Loom
11:47 Feudal Age
15:08 Double-Bit Axe
17:36 Castle Age
15:29 Horse Collar
16:40 Stone Mining
17:20 Forging
17:13 Scale Mail Armor
18:55 Stone Shaft Mining
19:16 Bow Saw
22:28 Wheelbarrow
21:58 Heavy Plow
22:16 Chain Mail Armor
24:46 Squires
26:41 Iron Casting
25:55 Arson
34:08 Hand Cart
josepepeog
13:54 Feudal Age
16:06 Horse Collar
16:17 Double-Bit Axe
23:39 Castle Age
22:53 Scale Barding Armor
26:50 Heavy Plow
CinderMan
7:18 Loom
10:48 Feudal Age
11:34 Double-Bit Axe
12:53 Fletching
22:56 Castle Age
22:44 Wheelbarrow
22:13 Padded Archer Armor
23:26 Gold Mining
24:09 Crossbowman
25:02 Bodkin Arrow
25:05 Horse Collar
28:16 Thumb Ring
29:31 Leather Archer Armor
29:18 Scale Mail Armor
29:28 Forging
31:33 Bow Saw
33:55 Scale Barding Armor
34:00 Forging
34:02 Stone Mining
34:50 Gold Shaft Mining
34:25 Heavy Plow
35:23 Fervor
37:18 Iron Casting
37:12 Town Watch
38:00 Hand Cart
38:32 Ballistics
Connection lost

Rejoining the realm…

Still unreachable

The connection could not be restored.

Session expired

The server has moved on; the page needs a fresh start.